 Dungeon Crawl Stone Soup version 0.30-a0-808-g6e0788376e (webtiles) character file.

Game seed: 9271652381870549498

9051 bande the Cleaver (level 11, -16/68 HPs)
             Began as a Gargoyle Fighter on Feb 27, 2023.
             Was an Elder of Okawaru.
             Demolished by a two-headed ogre
             ... wielding a +0 giant spiked club
              (19 damage)
             ... on level 9 of the Dungeon.
             The game lasted 00:17:41 (10736 turns).

bande the Cleaver (Gargoyle Fighter)               Turns: 10736, Time: 00:17:42

Health: -16/68     AC: 29    Str: 21    XL:     11   Next: 40%
Magic:  15/15      EV:  6    Int:  8    God:    Okawaru [****..]
Gold:   551        SH:  5    Dex: 13    Spells: 10/10 levels left

rFire   . . .      SeeInvis .    a - +1 war axe (venom)
rCold   + . .      Faith    .    c - +0 buckler
rNeg    + . .      Spirit   .    q - +0 plate armour
rPois   ∞          Reflect  .    b - +0 helmet
rElec   +          Harm     .    d - +1 cloak
rCorr   .          Rampage  .    (no gloves)
Will    .....                    f - +2 pair of boots of Ferocious Birdsong {+Blink rC+} Stlth
                                 (no amulet)
HPRegen 0.31/turn                h - +4 ring of slaying
MPRegen 0.14/turn                (no ring)

@: no status effects
A: sickness immunity, AC +8, negative energy resistance 1, electricity
resistance, torment resistance 1, petrification resistance
a: Renounce Religion, Evoke Blink, Heroism, Finesse


You were on level 9 of the Dungeon.
You worshipped Okawaru.
Okawaru was greatly pleased with you.
You visited 2 branches of the dungeon, and saw 11 of its levels.
You also visited: Sewer and Ossuary.

You collected 632 gold pieces.
You spent 81 gold pieces at shops.

Inventory:

Hand Weapons
 a - a +1 war axe of venom (weapon)
 j - a +4 morningstar
 k - a +0 war axe
Missiles
 t - 2 throwing nets (quivered)
Armour
 b - a +0 helmet (worn)
 c - a +0 buckler (worn)
 d - a +1 cloak (worn)
 f - the +2 pair of boots of Ferocious Birdsong (worn) {+Blink rC+}
   (You acquired it on level 4 of the Dungeon)

   rC:        It protects you from cold.
   +Blink:    It lets you blink.
 p - a scarf of invisibility
 q - a +0 plate armour (worn)
Jewellery
 h - a +4 ring of slaying (left hand)
Wands
 o - a wand of polymorph (10)
 w - a wand of iceblast (7)
 C - a wand of mindburst (8)
Scrolls
 m - 3 scrolls of fear
 n - a scroll of fog
 r - a scroll of blinking
 u - 2 scrolls of teleportation
 y - a scroll of silence
Potions
 e - a potion of berserk rage
 g - 4 potions of haste
 i - 2 potions of cancellation
 l - 2 potions of invisibility
 s - 3 potions of might
 v - 2 potions of mutation
 x - a potion of flight
 z - a potion of ambrosia
 A - a potion of brilliance {unknown}


   Skills:
 + Level 7.8 Fighting
 + Level 10.7 Axes
 + Level 8.8 Armour
 + Level 6.1 Shields
 * Level 5.5 Invocations
 * Level 4.8 Evocations


You had 10 spell levels left.
You didn't know any spells.
Your spell library contained the following spells:

 Spells                   Type           Power      Damage    Failure   Level
 Beastly Appendage        Tmut           0%         N/A       100%        1
 Kiss of Death            Conj/Necr      0%         2d5       100%        1
 Magic Dart               Conj           0%         1d3       100%        1
 Wereblood                Tmut           0%         N/A       100%        2
 Confusing Touch          Hex            0%         N/A       100%        3
 Mephitic Cloud           Conj/Pois/Air  0%         N/A       100%        3
 Spider Form              Tmut/Pois      0%         N/A       100%        3
 Dispel Undead            Necr           0%         3d6       100%        4
 Passage of Golubria      Tloc           0%         N/A       100%        4
 Silence                  Hex/Air        0%         N/A       100%        5
 Lehudib's Crystal Spear  Conj/Erth      0%         10d2      100%        8
 Call Imp                 Summ           Unusable   N/A       N/A         2

Dungeon Overview and Level Annotations

Branches:
Dungeon (10/15)            Temple (1/1) D:4            Lair (0/5) D:10
    Orc (0/2) D:9           Sewer (visited)         Ossuary (visited)

Altars:
Ashenzari
Cheibriados
Dithmenos
Elyvilon
Fedhas
Gozag
Hepliaklqana
Kikubaaqudgha
Makhleb
Nemelex Xobeh
Okawaru
Qazlal
Ru
Sif Muna
Trog
Uskayaw
Vehumet
Wu Jian
Yredelemnul
Zin
The Shining One

Shops:
D:3 =   D:4 ([*[=

Annotations:
D:10 Nergalle


Innate Abilities, Weirdness & Mutations

You are immune to sickness and miasma.
Your stone body is resilient. (AC +8)
You are immune to poison.
You resist negative energy. (rN+)
You are resistant to electric shocks. (rElec)
You are resistant to unholy torment.
You are immune to petrification.


Message History

Done waiting.
You climb downwards.
Level annotation: Nergalle The two-headed ogre hits you with a +0 giant spiked club!
The two-headed ogre barely misses you.
There is a stone staircase leading up here.
Unknown command.
The two-headed ogre hits you but does no damage. x2
You climb upwards.
There is a stone staircase leading down here.
You slash the two-headed ogre!
The two-headed ogre is moderately wounded.
You barely miss the two-headed ogre.
The two-headed ogre is moderately wounded.
The two-headed ogre hits you with a +0 giant spiked club!
The two-headed ogre hits you but does no damage.
You slash the two-headed ogre!
The two-headed ogre is poisoned.
The two-headed ogre is moderately wounded.
The two-headed ogre hits you but does no damage.
The two-headed ogre hits you with a +0 giant club.
You hit the two-headed ogre.
The two-headed ogre looks as sick as possible!
The two-headed ogre is moderately wounded.
You hit the two-headed ogre.
The two-headed ogre looks as sick as possible!
The two-headed ogre is heavily wounded.
The two-headed ogre hits you with a +0 giant spiked club!!
The two-headed ogre hits you with a +0 giant club.
* * * LOW HITPOINT WARNING * * *
You slash the two-headed ogre!
The two-headed ogre looks as sick as possible!
The two-headed ogre is almost dead.
The two-headed ogre hits you with a +0 giant spiked club!
* * * LOW HITPOINT WARNING * * *
The two-headed ogre hits you with a +0 giant club.
* * * LOW HITPOINT WARNING * * *
You barely miss the two-headed ogre.
The two-headed ogre is almost dead.
The two-headed ogre hits you with a +0 giant spiked club!!
You die...

# ###### ######## ##
###....## ####
#......###. ##......#
#..## ##........#
#.......## #...##
#........#
.........## #.@..#
##...#..##
..........## #O...##
##.##.##
...........## #.....#
###.##
............####....#
##..#
..........#...##....#
##..##
..........###..#...##
#..##
...........###..#.##
##.## ...........#
##..## ##..#
..........## ##..##
##..##


You could see a two-headed ogre (extremely poisoned).

Vanquished Creatures
  Harold (D:9)
  3 two-headed ogres (D:10)
  2 hornets
  2 wraiths (D:9)
  Eustachio (D:5)
  12 yaks
  A shadow (D:7)
  A wyvern (D:7)
  A steam dragon (D:8)
  2 water moccasins (D:5)
  Edmund (D:3)
  Duvessa (D:4)
  Pargi (Sewer)
  5 ice beasts
  An ogre (D:6)
  2 orc warriors
  2 centaurs (D:8)
  A kobold brigand (D:7)
  A gnoll sergeant (D:6)
  11 wights
  4 scorpions
  Dowan (D:4)
  9 killer bees
  2 howler monkeys
  A jelly (D:5)
  2 hounds (D:5)
  A human zombie (Ossuary)
  3 orc priests
  2 iguanas
  5 orc wizards
  5 mummies (Ossuary)
  10 gnolls
  12 adders
  A shadow imp (D:8)
  2 white imps
  An ufetubus (D:7)
  6 dart slugs
  24 orcs
  3 endoplasms
  7 giant cockroaches
  A gnoll zombie (Ossuary)
  5 goblins
  6 hobgoblins
  13 kobolds
  9 quokkas
  15 ball pythons
  7 bats
  6 frilled lizards
  3 goblin zombies (Ossuary)
  A hobgoblin zombie (Ossuary)
  2 orc zombies (Ossuary)
  8 rats
229 creatures vanquished.

Vanquished Creatures (others)
  2 demonic plants (D:3)
  A fungus (D:3)
  5 plants (D:3)
  A withered plant (D:3)
9 creatures vanquished.

Grand Total: 238 creatures vanquished

Notes
Turn   | Place    | Note
-------+----------+-------------------------------------------
     0 | D:1      | bande the Gargoyle Fighter began the quest for the Orb.
     0 | D:1      | Reached XP level 1. HP: 14/14 MP: 1/1
    95 | D:1      | Reached skill level 2 in Axes
    95 | D:1      | Reached XP level 2. HP: 17/19 MP: 2/2
   480 | D:1      | Reached XP level 3. HP: 19/23 MP: 3/3
  1019 | D:2      | Reached XP level 4. HP: 13/29 MP: 4/4
  1255 | D:2      | Reached skill level 3 in Axes
  1642 | D:3      | Found Noroiwnea's Jewellery Boutique.
  1721 | D:3      | Found a glowing drain.
  1723 | D:3      | Reached XP level 5. HP: 32/33 MP: 5/5
  1733 | Sewer    | Entered a sewer
  1783 | Sewer    | Noticed Pargi
  1798 | Sewer    | Killed Pargi
  1889 | Sewer    | Reached XP level 6. HP: 38/38 MP: 6/6
  1911 | Sewer    | Reached skill level 4 in Axes
  2116 | D:3      | Found a faded altar of an unknown god.
  2959 | D:4      | Noticed Edmund
  2960 | D:4      | Noticed Duvessa
  2960 | D:4      | Noticed Dowan
  3217 | D:4      | Killed Duvessa
  3218 | D:4      | Reached skill level 5 in Armour
  3218 | D:4      | Reached XP level 7. HP: 43/44 MP: 7/7
  3221 | D:3      | Killed Edmund
  3222 | D:3      | Reached skill level 5 in Axes
  3373 | D:4      | Killed Dowan
  3471 | D:4      | Found a staircase to the Ecumenical Temple.
  3475 | D:4      | Found Nimiwk's Assorted Antiques.
  3484 | Temple   | Entered the Ecumenical Temple
  3668 | D:4      | Bought a cloak for 81 gold pieces
  3673 | D:4      | Identified a scroll of acquirement
  3673 | D:4      | Acquired the +2 pair of boots of Ferocious Birdsong {+Blink
                  | rC+}
  3686 | D:4      | Found Zunipel's Armour Shop.
  3909 | D:4      | Found Epont's Weapon Shop.
  3927 | D:4      | You fall into a shaft and drop 1 floor!
  3927 | D:5      | Entered Level 5 of the Dungeon
  3999 | D:5      | Noticed Eustachio
  4021 | D:5      | Killed Eustachio
  4022 | D:5      | Reached skill level 5 in Fighting
  4022 | D:5      | Reached skill level 6 in Axes
  4022 | D:5      | Reached XP level 8. HP: 37/49 MP: 8/8
  4597 | D:4      | Found Pyishreo's Antique Armour Boutique.
  4662 | D:4      | Found Dasodepp's Jewellery Emporium.
  4747 | D:4      | Found a shimmering blue altar of Sif Muna.
  5090 | D:6      | Reached skill level 7 in Axes
  5269 | D:6      | Found a sand-covered staircase.
  5276 | Ossuary  | Entered an ossuary
  5295 | Ossuary  | Reached skill level 5 in Shields
  5592 | D:6      | Reached XP level 9. HP: 40/55 MP: 9/9
  5697 | D:6      | Found an iron altar of Okawaru.
  5882 | D:6      | Reached skill level 8 in Axes
  5887 | D:6      | Reached skill level 1 in Evocations
  6212 | D:6      | Became a worshipper of Warmaster Okawaru
  6394 | D:7      | Reached skill level 1 in Invocations
  6468 | D:7      | Found a stormy altar of Qazlal.
  6506 | D:7      | Noticed a hornet
  6513 | D:7      | Killed a hornet
  6566 | D:7      | Reached * piety under Okawaru
  6647 | D:7      | Reached skill level 9 in Axes
  6889 | D:7      | Reached XP level 10. HP: 61/61 MP: 12/12
  7261 | D:8      | Identified the +8 whip of Butowir {venom, rN+}
  7286 | D:8      | Found a snail-covered altar of Cheibriados.
  7770 | D:8      | Found a glowing golden altar of the Shining One.
  7873 | D:8      | Reached ** piety under Okawaru
  8209 | D:9      | Found a staircase to the Orcish Mines.
  8563 | D:9      | Reached *** piety under Okawaru
  8674 | D:9      | Noticed Harold
  8693 | D:9      | HP: 3/63 [Harold/+2 halberd of flaming (2)]
  8694 | D:9      | Killed Harold
  8695 | D:9      | Reached skill level 10 in Axes
  9283 | D:9      | Reached XP level 11. HP: 48/67 MP: 14/14
  9566 | D:9      | Found a burning altar of Makhleb.
  9566 | D:9      | Found a faded altar of an unknown god.
  9573 | D:9      | Found a faded altar of an unknown god.
  9575 | D:9      | Found a sacrificial altar of Ru.
  9577 | D:9      | Found an ancient bone altar of Kikubaaqudgha.
  9659 | D:10     | Entered Level 10 of the Dungeon
  9807 | D:10     | Noticed a two-headed ogre
  9814 | D:10     | Reached skill level 5 in Invocations
  9818 | D:10     | Killed a two-headed ogre
  9818 | D:10     | Reached **** piety under Okawaru
 10126 | D:10     | Found a bloodstained altar of Trog.
 10159 | D:10     | Noticed a two-headed ogre
 10169 | D:10     | Killed a two-headed ogre
 10235 | D:10     | Found a staircase to the Lair.
 10248 | D:10     | Noticed a two-headed ogre
 10265 | D:10     | Killed a two-headed ogre
 10507 | D:10     | Noticed a two-headed ogre
 10508 | D:10     | Noticed Nergalle
 10735 | D:9      | HP: 3/68 [two-headed ogre/+0 giant spiked club (5)]
 10736 | D:9      | Demolished by a two-headed ogre

Illustrated notes

Levels and vault maps discovered:
D:1:      dpeg_arrival_arbitrary_b, layout_basic, feat_on_display
D:2:      layout_basic, kennysheep_potato
D:3:      layout_basic, gup_sewer_entry_pipe, shapermc_ecumenical_altar_gd,
          serial_shops, shop
D:4:      layout_rooms, kennysheep_orc_sif_temple, minmay_temple_entry_statues,
          serial_shops, shop_statue, shop, nicolae_shop_bloodbath_and_beyond,
          nicolae_shop_hallway_stairs, shop, uniq_edmund, uniq_duvessa
D:5:      layout_loops_ring, uniq_eustachio
D:6:      layout_loops_ring, okawaru_gym_becter, nicolae_ossuary_entry_plus
D:7:      layout_loops_ring, nicolae_qazlal_scattered_showers
D:8:      layout_layer_cave, mainiacjoe_overflow_swirl
D:9:      layout_cave_pods, chequers_temple_overflow_minitemple, orc_0_dummy,
          uniq_harold
D:10:     layout_rooms, general_overflow_altar, lemuel_tele_altar,
          hangedman_abyss_or_decor_stagger, uniq_nergalle
Temple:   nicolae_temple_bog_church

Skill      XL: |  1  2  3  4  5  6  7  8  9 10 11 |
---------------+----------------------------------+-----
Axes           | 2 3 4 6 7 9 10 | 10.7
Armour         | 4 5 6 7 8 |  8.8
Fighting       | 4 5 6 7 |  7.8
Shields        | 4 5 6 |  6.1
Evocations     | 2 4 |  4.8
Invocations    | 2 4 5 |  5.5

Action                     |  1- 3 |  4- 6 |  7- 9 | 10-12 || total
---------------------------+-------+-------+-------+-------++-------
  Melee: War axe           |    95 |   156 |   287 |   173 ||   711
    Use: Scroll            |       |     7 |    13 |     4 ||    24
         Potion            |       |     1 |     2 |     2 ||     5
 Armour: Scale mail        |    75 |   101 |    96 |       ||   272
         Plate armour      |       |       |   101 |   142 ||   243
  Dodge: Dodged            |    56 |    96 |   124 |    44 ||   320
  Block: Buckler           |    34 |    44 |    67 |    48 ||   193

Table legend: (Time is in decaauts)
 A = Elapsed time spent in this place.
 B = Non-inter-level travel time spent in this place.
 C = Inter-level travel time spent in this place.
 D = Time resting spent in this place.
 E = Time spent auto-exploring this place.
 F = Levels seen in this place.
 G = Mean time per level.
                   A        B        C        D        E       F      G
               +--------+--------+--------+--------+--------+-----+--------+
         Total |  10959 |  10707 |    252 |   2286 |   6458 |  13 |  843.0 |
       Dungeon |  10260 |  10024 |    236 |   2236 |   6114 |  10 | 1026.0 |
        Temple |    181 |    165 |     16 |      0 |    155 |   1 |  181.0 |
         Sewer |    248 |    248 |      0 |     50 |     73 |   1 |  248.0 |
       Ossuary |    269 |    269 |      0 |      0 |    115 |   1 |  269.0 |
               +--------+--------+--------+--------+--------+-----+--------+

Top non-repeatable levels by time:
     D:9: 1730 daAuts
     D:3: 1557 daAuts
     D:7: 1012 daAuts
     D:6: 910 daAuts
     D:8: 892 daAuts
    D:10: 884 daAuts
     D:1: 875 daAuts
     D:5: 841 daAuts
     D:4: 778 daAuts
     D:2: 776 daAuts
 Ossuary: 269 daAuts
   Sewer: 248 daAuts
  Temple: 181 daAuts
